 Dungeon Crawl Stone Soup version 0.16-a0-764-g7febf84 (webtiles) character file.

17324 PolkaDot the Bewitcher (level 12, -19/83 HPs)
             Began as a Vampire Enchanter on Sept 24, 2014.
             Was an Elder of Ashenzari.
             Demolished by Amnekian's ghost (26 damage)
             ... on Level 3 of the Lair of Beasts.
             The game lasted 01:15:23 (18388 turns).

PolkaDot the Bewitcher (Vampire Enchanter)         Turns: 18388, Time: 01:15:24

HP -19/83        AC  4     Str 12      XL: 12   Next: 17%
MP   3/18        EV 11     Int 21      God: Ashenzari [****..]
Gold 996         SH  9     Dex 14      Spells:  5 memorised,  3 levels left

rFire  . . .     SeeInvis +     z - +2 dagger (speed) (curse)
rCold  + + .     Clarity  +     u - +0 troll leather armour
rNeg   + + +     rCorr    .     i - +3 buckler (curse)
rPois  +         rRot     +     (no helmet)
rElec  .         Spirit   .     (no cloak)
SustAb .         Warding  .     (no gloves)
rMut   .         Stasis   .     (no boots)
Gourm  .                        v - cursed amulet of faith
MR     ++...                    d - cursed ring of protection from magic
                                y - cursed ring of stealth

@: mighty, bloodless, non-regenerating, very resistant to hostile enchantments,
incredibly stealthy
A: bottle blood, fangs 3, see invisible, screaming 1, unbreathing, placid magic
1
a: Bat Form, Bottle Blood, Scrying, Renounce Religion


You were on level 3 of the Lair of Beasts.
You worshipped Ashenzari.
Ashenzari was greatly pleased with you.
You were bloodless.

You visited 3 branches of the dungeon, and saw 14 of its levels.

You collected 996 gold pieces.

Inventory:

Hand weapons
 z - a cursed +2 dagger of speed (weapon)
Armour
 i - a cursed +3 buckler (worn)
 u - a +0 troll leather armour (worn)
Magical devices
 e - a wand of fireball (9)
 g - a wand of magic darts (3)
 j - a wand of polymorph (10)
 m - a wand of fireball (2)
 n - a wand of disintegration (10)
 q - a wand of paralysis (0)
 s - a wand of magic darts (5)
Scrolls
 f - 3 scrolls of recharging
 h - a scroll of teleportation
 k - 2 scrolls of fog
 l - a scroll of magic mapping
 r - 4 scrolls of curse armour
 x - a scroll of amnesia
 A - 3 scrolls of remove curse
Jewellery
 d - a cursed ring of protection from magic (right hand)
 v - a cursed amulet of faith (around neck)
 y - a cursed ring of stealth (left hand)
Potions
 c - 2 potions of poison {!q}
 p - 2 potions of resistance
 B - a potion of magic


   Skills:
 + Level 3.8 Fighting
 - Level 8.1(11.5) Short Blades
 - Level 2.1 Dodging
 + Level 15.2 Stealth
 - Level 5.1(7.3) Shields
 - Level 2.0 Spellcasting
 * Level 18.7(21.4) Hexes
 - Level 1.0(3.0) Ice Magic


You had 3 spell levels left.
You knew the following spells:

 Your Spells              Type           Power        Failure   Level  Hunger
a - Corona                Hex            ######.      0%          1    #......
b - Sure Blade            Hex/Chrm       ####......   1%          2    ##.....
c - Confuse               Hex            ######..     0%          3    ###....
d - Ensorcelled Hibernat  Hex/Ice        #####.       1%          2    ##.....
e - Enslavement           Hex            ######..     0%          4    #####..


Dungeon Overview and Level Annotations

Branches:
Dungeon (10/15)            Temple (1/1) D:5             Orc (0/4) D:10
   Lair (3/8) D:8
  Swamp: Lair:3-6    Shoals: Lair:3-6     Snake: Lair:3-6    Spider: Lair:3-6

Altars:
Ashenzari
Cheibriados
Dithmenos
Elyvilon
Fedhas
Gozag
Kikubaaqudgha
Makhleb
Nemelex Xobeh
Okawaru
Qazlal
Ru
Sif Muna
Trog
Vehumet
Xom
Yredelemnul
Zin
The Shining One

Shops:
D:5 }   D:8 ?

Annotations:
Lair:2 Gastronok
Lair:3 Amnekian's ghost, powerful OgHu


Innate Abilities, Weirdness & Mutations

You do not heal naturally.
You can bottle blood from corpses.
You have razor-sharp teeth.
You have supernaturally acute eyesight.
You can survive without breathing.
You occasionally shout uncontrollably at your foes.
Your spells are a little easier to cast, but a little less powerful.


Message History

Your basilisk gazes at Amnekian's ghost.
Amnekian's ghost resists with almost no effort.
Amnekian's ghost hits you!!
* * * LOW HITPOINT WARNING * * *
Amnekian's ghost says, "They'll have to sweep you off the floor after I'm finished with you!"
Read which item? (? for menu, Esc to quit)
Okay, then.
Unknown command.
A crocodile comes into view.
The basilisk gazes at you. You resist with almost no effort.
Casting: Confuse
Confirm with . or Enter, or press ? or * to list all spells.
Aiming: Enslavement
Press: ? - help, Shift-Dir - straight line, f - basilisk, p - Amnekian's ghost
Aim: a basilisk (lightly wounded)
The basilisk is charmed.
* * * LOW MAGIC WARNING * * *
Your basilisk bites Amnekian's ghost!
Amnekian's ghost hits you!!
You die...

#..P#.. .P............%..........
#.....#(#........).##............
............#......###...........
....................#............
.....# ..........................
<....#..............#.#.#.......#
............###.#...###........##
............#....Wl#.##........##
................@................
..........................####...
.....#...................#.# ##..
...####............#......## #.#.
.....###..........###.#..#.# ###%
............P......####..### #.
.P..P#......#.....## ##.#### #P
#PP. ,#...........# #...#.####.
,P. **##.P........# #......##..


You could see Amnekian's ghost and a friendly basilisk.

Vanquished Creatures
  A hydra (Lair:3)
  Erica (Lair:3)
  An unseen horror (D:10)
  2 hill giants
  Pikel (D:9)
  A griffon (Lair:3)
  A black mamba (Lair:2)
  3 spiny frogs
  4 komodo dragons
  Sonja (D:10)
  2 trolls
  3 basilisks
  A human (D:8)
  A deep elf mage (D:9)
  11 yaks
  4 hippogriffs
  A steam dragon (D:10)
  A hungry ghost (D:8)
  4 wargs (D:10)
  3 water moccasins
  Edmund (D:5)
  10 wolves
  4 porcupines (Lair:2)
  A black bear (D:6)
  2 ice beasts
  2 sky beasts (D:5)
  An orc warrior (D:8)
  4 centaurs
  A manticore skeleton (D:10)
  A necrophage (D:6)
  A phantom (D:5)
  8 crocodiles
  9 ogres
  Duvessa (D:5)
  A gnoll sergeant (D:7)
  3 big kobolds
  3 giant frogs
  A scorpion (D:7)
  A jelly (D:10)
  4 electric eels (D:10)
  7 killer bees
  5 wights (D:10)
  Dowan (D:5)
  5 crimson imps
  9 hounds
  3 goliath beetles
  2 centaur skeletons (D:4)
  7 worker ants
  2 gnoll shamans (D:7)
  9 orc wizards
  8 sheep
  8 iguanas
  A big kobold zombie (D:8)
  2 mummies
  9 adders
  6 gnolls (D:7)
  15 green rats (Lair:3)
  2 giant mites
  A shadow imp (D:10)
  4 worms
  An orc zombie (D:7)
  3 giant geckos
  An ooze (D:2)
  26 orcs
  A ball python (D:2)
  10 giant cockroaches
  7 goblins
  15 hobgoblins
  6 jackals
  12 quokkas
  17 bats
  5 giant newts
  A hobgoblin skeleton (D:5)
  32 kobolds
  2 orc skeletons (D:6)
  12 rats
363 creatures vanquished.

Vanquished Creatures (collateral kills)
  A gnoll (D:7)
  A green rat (Lair:3)
  An adder (D:10)
  A kobold (D:7)
4 creatures vanquished.

Vanquished Creatures (others)
  A slave (D:9)
  A fungus (Lair:3)
  6 plants (D:8)
8 creatures vanquished.

Grand Total: 375 creatures vanquished

Notes
Turn   | Place    | Note
--------------------------------------------------------------
     0 | D:1      | PolkaDot, the Vampire Enchanter, began the quest for the Orb.
     0 | D:1      | Reached XP level 1. HP: 13/13 MP: 3/3
   189 | D:1      | Reached XP level 2. HP: 19/19 MP: 4/4
   279 | D:1      | Learned a level 2 spell: Ensorcelled Hibernation
   875 | D:1      | Reached skill level 1 in Ice Magic
  1706 | D:2      | Reached skill level 5 in Hexes
  1706 | D:2      | Reached XP level 3. HP: 24/24 MP: 6/6
  1712 | D:2      | Reached skill level 5 in Stealth
  2275 | D:2      | Learned a level 3 spell: Confuse
  2353 | D:2      | Reached XP level 4. HP: 12/30 MP: 1/7
  2538 | D:2      | Found a shadowy altar of Dithmenos.
  2862 | D:3      | Found a stormy altar of Qazlal.
  3236 | D:3      | Found a burning altar of Makhleb.
  3236 | D:3      | Noticed a cacodemon
  3334 | D:4      | Reached skill level 6 in Hexes
  3364 | D:3      | Reached XP level 5. HP: 7/35 MP: 1/9
  4220 | D:4      | Reached skill level 7 in Hexes
  4471 | D:4      | Found a snail-covered altar of Cheibriados.
  4473 | D:4      | Found a sacrificial altar of Ru.
  4478 | D:4      | Found a blossoming altar of Fedhas.
  4483 | D:4      | Found a glowing silver altar of Zin.
  4487 | D:4      | Found a deep blue altar of Sif Muna.
  4943 | D:4      | Found a white marble altar of Elyvilon.
  5044 | D:5      | Entered Level 5 of the Dungeon
  5072 | D:5      | Reached XP level 6. HP: 29/41 MP: 3/10
  5204 | D:5      | Found a shimmering altar of Xom.
  5208 | D:5      | Noticed a phantom
  5266 | D:5      | Killed a phantom
  5487 | D:5      | Reached skill level 1 in Shields
  5607 | D:5      | Reached skill level 8 in Hexes
  5659 | D:5      | Noticed a sky beast
  5664 | D:5      | Killed a sky beast
  5665 | D:5      | Found an iron altar of Okawaru.
  5666 | D:5      | Noticed an ogre
  5718 | D:5      | Killed an ogre
  5718 | D:5      | Reached XP level 7. HP: 46/46 MP: 7/12
  5757 | D:5      | Learned a level 4 spell: Enslavement
  5838 | D:5      | Found a staircase to the Ecumenical Temple.
  5841 | D:5      | Noticed Edmund
  5841 | D:5      | Noticed a sky beast
  5849 | D:5      | Killed a sky beast
  5849 | D:5      | Reached skill level 9 in Hexes
  5899 | D:5      | Killed Edmund
  6006 | Temple   | Entered the Ecumenical Temple
  6116 | Temple   | Became a worshipper of Ashenzari the Shackled
  6323 | D:5      | Noticed Dowan
  6324 | D:5      | Found an opulent altar of Gozag.
  6326 | D:5      | Noticed Duvessa
  6330 | D:5      | Killed Duvessa
  6376 | D:5      | Killed Dowan
  6521 | D:5      | Found Phaama's Gadget Emporium.
  6535 | D:5      | Reached skill level 10 in Hexes
  6782 | D:6      | Reached XP level 8. HP: 52/52 MP: 6/13
  7263 | D:6      | Found a radiant altar of Vehumet.
  7440 | D:6      | Found a basalt altar of Yredelemnul.
  7496 | D:6      | Reached skill level 11 in Hexes
  8663 | D:7      | Reached skill level 12 in Hexes
  8996 | D:7      | Reached XP level 9. HP: 57/57 MP: 6/14
  8999 | D:7      | Reached skill level 10 in Stealth
  9298 | D:8      | Found a radiant altar of Vehumet.
  9302 | D:8      | Found Dorph's Magic Scroll Shoppe.
 10268 | D:8      | Acquired Ashenzari's first power
 10537 | D:8      | Reached skill level 5 in Shields
 10647 | D:8      | Noticed a komodo dragon
 10647 | D:8      | Found a staircase to the Lair.
 10661 | D:8      | Killed a komodo dragon
 10661 | D:8      | Reached skill level 13 in Hexes
 10867 | D:8      | Noticed a hill giant
 11469 | D:8      | Killed a hill giant
 11469 | D:8      | Reached skill level 5 in Short Blades
 11469 | D:8      | Reached skill level 14 in Hexes
 11469 | D:8      | Reached XP level 10. HP: 63/63 MP: 11/16
 11533 | D:8      | Learned a level 2 spell: Sure Blade
 12100 | D:9      | Noticed Pikel
 12102 | D:9      | Killed Pikel
 12194 | D:9      | Found a blossoming altar of Fedhas.
 12652 | D:10     | Entered Level 10 of the Dungeon
 12732 | D:10     | Reached skill level 15 in Hexes
 12742 | D:10     | Noticed an unseen horror
 12744 | D:10     | Noticed a hill giant
 12753 | D:10     | Killed a hill giant
 12766 | D:10     | Noticed Sonja
 12784 | D:10     | Killed an unseen horror
 12939 | D:10     | Gained mutation: Your spells are a little easier to cast, but a little less powerful. [potion of mutation]
 12939 | D:10     | Gained mutation: You occasionally shout uncontrollably at your foes. [potion of mutation]
 13278 | D:10     | Killed Sonja
 13278 | D:10     | Reached skill level 16 in Hexes
 13484 | D:10     | Acquired Ashenzari's second power
 13880 | D:10     | Reached XP level 11. HP: 68/68 MP: 14/17
 13898 | D:10     | Found a staircase to the Orcish Mines.
 14121 | Lair:1   | Entered Level 1 of the Lair of Beasts
 15939 | Lair:2   | Reached skill level 17 in Hexes
 16093 | Lair:2   | Reached skill level 1 in Fighting
 16130 | Lair:2   | Identified the ring "Joineska" {-Cast +Blink +Fly SInv}
 16587 | Lair:2   | Noticed Gastronok
 16926 | Lair:3   | Noticed a six-headed hydra
 16966 | Lair:3   | Acquired Ashenzari's third power
 17156 | Lair:3   | Killed a six-headed hydra
 17161 | Lair:3   | Noticed Amnekian's ghost (powerful OgHu)
 17318 | Lair:3   | Reached skill level 18 in Hexes
 17690 | Lair:3   | Reached XP level 12. HP: 81/81 MP: 3/18
 18044 | Lair:3   | Reached skill level 15 in Stealth
 18285 | Lair:3   | Noticed Erica
 18290 | Lair:3   | Killed Erica
 18388 | Lair:3   | Demolished by Amnekian's ghost

Action                   |  1- 3 |  4- 6 |  7- 9 | 10-12 || total
-------------------------+-------+-------+-------+-------++-------
Melee: Dagger            |    99 |   116 |   319 |   379 ||   913
 Cast: Corona            |     2 |     1 |     1 |     2 ||     6
       Ensorcelled Hiber |    20 |    38 |    89 |   137 ||   284
       Confuse           |       |     6 |    17 |    25 ||    48
       Enslavement       |       |       |     6 |     7 ||    13
 Abil: Bottle Blood      |       |       |       |     1 ||     1
Evoke: Wand              |       |       |    11 |     8 ||    19
  Use: Scroll            |       |     8 |    13 |    13 ||    34
       Potion            |       |     3 |     4 |     7 ||    14
 Stab: Sleeping          |    21 |    38 |    74 |   114 ||   247
       Distracted        |       |     1 |     1 |     9 ||    11
       Invisible         |       |     1 |       |       ||     1
       Confused          |       |     4 |    11 |     8 ||    23
       Paralysed         |       |       |       |     2 ||     2
       Betrayed ally     |       |       |       |     1 ||     1
  Eat: Corpse            |       |       |     1 |       ||     1
